 Dungeon Crawl Stone Soup version 0.29.1-12-g30fa7ad0bf (webtiles) character file.

Game seed: 18439040962452032905

48 kingofthe the Caller (level 3, -1/24 HPs)
             Began as a Merfolk Summoner on Jan 14, 2023.
             Was an Initiate of Hepliaklqana.
             Killed from afar by an orc wizard (3 damage)
             ... with a magic dart
             ... on level 3 of the Dungeon.
             The game lasted 00:10:15 (3296 turns).

kingofthe the Caller (Merfolk Summoner)             Turns: 3296, Time: 00:10:15

Health: -1/24      AC:  7    Str:  8    XL:     3   Next: 72%
Magic:  6/6        EV: 11    Int: 14    God:    Hepliaklqana [......]
Gold:   141        SH: 10    Dex: 19    Spells: 2/6 levels left

rFire   . . .      SeeInvis .   k - +0 short sword
rCold   . . .      Faith    .   e - +2 kite shield
rNeg    . . .      Spirit   .   v - +0 leather armour
rPois   .          Reflect  .   (no helmet)
rElec   .          Harm     .   u - +0 cloak
rCorr   .          Rampage  .   s - +2 pair of gloves {Dex+3}
Will    .....                   (no boots)
Stlth   ++........              (no amulet)
HPRegen 0.08/turn               (no ring)
MPRegen 0.10/turn               (no ring)

@: brilliant
A: (nimble swimmer 2), mertail
a: Renounce Religion


You were on level 3 of the Dungeon.
You worshipped Hepliaklqana.
Hepliaklqana was noncommittal.
You visited 1 branch of the dungeon, and saw 3 of its levels.

You collected 141 gold pieces.

Inventory:

Hand Weapons
 k - a +0 short sword (weapon)
 w - a +0 sling
Armour
 a - a +0 robe
 e - a +2 kite shield (worn)
 s - a +2 pair of gloves of dexterity (worn)
 u - a +0 cloak (worn)
 v - a +0 leather armour (worn)
Scrolls
 c - a scroll of acquirement {unknown}
 f - a scroll of magic mapping {unknown}
 j - 3 scrolls of fear
 l - a scroll of enchant armour {unknown}
 m - a scroll of summoning {unknown}
 o - a scroll of vulnerability {unknown}
 p - 2 scrolls of teleportation
 q - 4 scrolls of identify
 r - 2 scrolls of immolation
 t - a scroll of silence {unknown}
 x - a scroll of torment {unknown}
Potions
 b - a potion of magic
 d - 2 potions of curing {unknown}
 g - a potion of haste {unknown}
 h - a potion of lignification {unknown}
 i - a potion of heal wounds
 n - a potion of brilliance
 z - a potion of cancellation {unknown}
 A - a potion of berserk rage {unknown}
 B - a potion of degeneration {unknown}


   Skills:
 + Level 0.3 Armour
 - Level 3.3 Dodging
 - Level 3.0 Stealth
 + Level 0.5 Shields
 - Level 2.3 Spellcasting
 + Level 4.3 Summonings


You had 2 spell levels left.
You knew the following spells:

 Your Spells              Type           Power      Damage    Failure   Level
a - Summon Small Mammal   Summ           80%        N/A       21%         1
b - Call Canine Familiar  Summ           20%        N/A       52%         3

Your spell library contained the following spells:

 Spells                   Type           Power      Damage    Failure   Level
 Call Imp                 Summ           20%        N/A       30%         2
 Summon Guardian Golem    Hex/Summ       11%        N/A       82%         3
 Portal Projectile        Hex/Tloc       4%         N/A       98%         3
 Tukima's Dance           Hex            2%         N/A       98%         3
 Summon Lightning Spire   Summ/Air       11%        N/A       99%         4
 Blade Hands              Tmut           1%         N/A       100%        5
 Storm Form               Tmut/Air       1%         N/A       100%        7
 Maxwell's Capacitive Co  Air            1%         ∞         100%        8


Dungeon Overview and Level Annotations

Branches:
Dungeon (3/15)

Altars:
Hepliaklqana
Kikubaaqudgha
Ru
Uskayaw

Shops:
D:3 =


Innate Abilities, Weirdness & Mutations

((You are very nimble when in or above water. (Stealth+, EV+, Speed+++)))
Your lower body shifts to a powerful aquatic tail in water.


Message History

You're too confused to attack without stumbling around!
Are you sure you want to stumble around while confused and next to your rat?
Uppercase [Y]es or [N]o only, please.
Are you sure you want to stumble around while confused and next to your rat?
You bump into the rock wall.
Something hits you.
Are you sure you want to stumble around while confused and next to your rat?
You bump into the rock wall.
Something hits you but does no damage.
You're too confused to cast spells.
Okay, then.
It was a potion of brilliance.
You feel clever all of a sudden. Something completely misses you.
Are you sure you want to stumble around while confused and next to your rat?
You miss something. Something hits you but does no damage.
You're too confused to attack without stumbling around!
Are you sure you want to stumble around while confused and next to your rat?
You bump into the rock wall.
Your rat disappears in a puff of smoke!
You bump into the rock wall.
Something hits you.
You feel less confused. You block something's attack.
The orc attacks as you move away! You block the orc's attack.
Something barely misses you. The orc attacks as you move away!
The orc hits you with a +0 club.
* * * LOW HITPOINT WARNING * * *
An orc wizard appears from thin air!
Reactivating autopickup.
The orc wizard gestures wildly while chanting.
The orc wizard flickers and vanishes!
Deactivating autopickup; reactivate with Ctrl-A.
The orc attacks as you move away! You block the orc's attack.
The orc wizard gestures at you while chanting.
The magic dart hits you.
* * * LOW HITPOINT WARNING * * *
The orc wizard casts a spell.
The orc wizard flickers and vanishes!
The orc attacks as you move away! The orc hits you but does no damage.
A magic dart appears from out of thin air!
The magic dart hits you.
You die...

#.### ##......##.# #........ #
##.# #.).......# #........ ##
#..#######..o.....# ####....# .##
#.............##..## #..#..#
..###..............#...####.#...#
#.#..............#...{......#.#.#
#...###########.......####..#.#.#
#...## ########o...............#
.....####....###@...............#
####.........##.....<##..........
#....###...<....#....####.......#
#._..# ##....####....# #.......#
#....# #....# #....# #........
###### #....# ###### #........
#....# #........ ###### #........
#........


You could see 2 orcs.

Vanquished Creatures
  An adder (D:2)
  A dart slug (D:2)
  An endoplasm (D:3)
  2 giant cockroaches
  4 goblins
  2 hobgoblins
  A quokka (D:3)
  A ball python (D:1)
  A bat (D:3)
  A frilled lizard (D:2)
  A kobold (D:3)
  5 rats
21 creatures vanquished.

Vanquished Creatures (collateral kills)
  An adder (D:3)
  4 endoplasms
  A hobgoblin (D:3)
6 creatures vanquished.

Vanquished Creatures (others)
  A human (D:3)
  3 plants (D:3)
4 creatures vanquished.

Grand Total: 31 creatures vanquished

Notes
Turn   | Place    | Note
-------+----------+-------------------------------------------
     0 | D:1      | kingofthe the Merfolk Summoner began the quest for the Orb.
     0 | D:1      | Reached XP level 1. HP: 13/13 MP: 3/3
  1226 | D:1      | Reached XP level 2. HP: 18/19 MP: 5/5
  1234 | D:1      | Found a faded altar of an unknown god.
  2021 | D:2      | Reached XP level 3. HP: 6/24 MP: 6/6
  2501 | D:2      | Learned a level 3 spell: Call Canine Familiar
  2619 | D:3      | Found a hide-covered altar of Uskayaw.
  2640 | D:3      | Found a hazy altar of Hepliaklqana.
  2650 | D:3      | Became a worshipper of Hepliaklqana the Forgotten
  2713 | D:3      | Identified the +9 quarterstaff of Avoiv {drain, rElec MP+9
                  | Int+2}
  2751 | D:3      | Found a sacrificial altar of Ru.
  2891 | D:3      | Found Gon Ufiasai's Jewellery Emporium.
  2934 | D:3      | Found an ancient bone altar of Kikubaaqudgha.
  2935 | D:3      | Noticed a human
  2937 | D:3      | Killed a human
  3296 | D:3      | Killed from afar by an orc wizard

Illustrated notes

Levels and vault maps discovered:
D:1:      saegor_arrival_fortress, layout_loops_corners,
          ebering_ecumenical_altar_mist
D:2:      wander_river, layout_rooms, minmay_tromino_v4_a
D:3:      layout_rooms, mainiacjoe_overflow_chevrons,
          mainiacjoe_overflow_24_doors, tgw_kikubaaqudgha,
          mainiacjoe_overflow_alcove_4, serial_shops, nicolae_square_shop,
          serial_bayou_crossing

Skill      XL: |  1  2 |
---------------+-------+-----
Dodging        | 3 |  3.3
Stealth        | 3 |  3.0
Armour         | |  0.3
Shields        | |  0.5
Spellcasting   | |  2.3
Summonings     | |  4.3

Action                   || total
-------------------------++-------
Melee: Short sword       ||   106
       Unarmed           ||     3
       Punch             ||     1
       Tailslap          ||     1
 Cast: Summon Small Mamm ||    13
  Use: Scroll            ||     3
       Potion            ||     2
 Stab: Distracted        ||     1
       Sleeping          ||     2
Armor: Robe              ||     8
       Leather armour    ||    19
Dodge: Dodged            ||    47
Block: Kite shield       ||    37
